 Dungeon Crawl Stone Soup version 0.31.0-11-ge490571c62 (webtiles) character file.

Game seed: 12912773826911349367

1815 hikkokomori the Trooper (level 9, -10/73 HPs)
             Began as a Formicid Fighter on Feb 2, 2024.
             Was a Believer of Okawaru.
             Mangled by a gnoll bouda
             ... wielding a +0 whip
              (12 damage)
             ... on level 4 of the Dungeon.
             The game lasted 00:09:22 (4647 turns).

hikkokomori the Trooper (Formicid Fighter)          Turns: 4647, Time: 00:09:23

Health: -10/73     AC:  6    Str: 22    XL:     9   Next: 31%
Magic:  12/12      EV: 10    Int:  9    God:    Okawaru [**....]
Gold:   229        SH:  5    Dex: 15    Spells: 9/12 levels left

rFire   + . .        G - +0 demon trident (elec)
rCold   . . .        c - +0 buckler
rNeg    . . .        B - +3 leather armour {Will+}
rPois   .            (helmet unavailable)
rElec   .            (no cloak)
rCorr   .            (no gloves)
SInv    +            (no boots)
Will    +....        h - amulet of regeneration
Stlth   +            e - ring of fire
HPRegen 1.12/turn    g - ring of protection from cold
MPRegen 0.13/turn

%: no passive effects
@: no status effects
A: permanent stasis, dig shafts and tunnels, antennae 3, four strong arms
a: Dig, Shaft Self, Renounce Religion, Heroism


You were on level 4 of the Dungeon.
You worshipped Okawaru.
Okawaru was pleased with you.
You visited 1 branch of the dungeon, and saw 5 of its levels.
You also visited: Ossuary.

You collected 229 gold pieces.

Inventory:

Hand Weapons
 a - a +0 war axe
 G - a +0 demon trident of electrocution (weapon)
Missiles
 F - 3 datura-tipped darts (quivered)
Armour
 b - a +0 scale mail
 c - a +0 buckler (worn)
 r - a scarf of harm
 B - a +3 leather armour of willpower (worn)
Jewellery
 e - a ring of fire (left hand)
 f - an amulet of guardian spirit
 g - a ring of protection from cold (right hand)
 h - an amulet of regeneration (around neck)
 u - a ring of flight
Wands
 E - a wand of polymorph (11)
Scrolls
 k - 2 scrolls of identify
 l - a scroll of fear {unknown}
 m - 3 scrolls of teleportation
 w - 2 scrolls of vulnerability {unknown}
 x - a scroll of enchant weapon {unknown}
 y - a scroll of amnesia {unknown}
 C - a scroll of blinking {unknown}
 D - a scroll of immolation
Potions
 d - 2 potions of might
 i - 3 potions of mutation {unknown}
 j - a potion of magic {unknown}
 n - a potion of berserk rage {unknown}
 o - 3 potions of ambrosia
 p - 4 potions of haste {unknown}
 q - a potion of enlightenment {unknown}
 s - 3 potions of brilliance {unknown}
 t - a potion of cancellation {unknown}
 v - 3 potions of curing
 z - 2 potions of heal wounds {unknown}
 A - a potion of resistance {unknown}


   Skills:
 + Level 7.6 Fighting
 - Level 6.3(6.4) Axes
 + Level 1.1(4.1) Polearms
 + Level 2.5 Throwing
 - Level 3.3 Armour
 - Level 5.5 Shields
 - Level 2.4 Spellcasting
 - Level 3.4 Necromancy
 - Level 4.1 Invocations


You had 9 spell levels left.
You knew the following spells:

 Your Spells              Type           Power      Damage    Failure   Level
a - Fugue of the Fallen   Necr           7%         N/A       32%         3

Your spell library contained the following spells:

 Spells                   Type           Power      Damage    Failure   Level
 Ensorcelled Hibernation  Hex/Ice        2%         N/A       54%         2
 Anguish                  Hex/Necr       2%         N/A       91%         4


Dungeon Overview and Level Annotations

Branches:
Dungeon (5/15)             Temple (0/1) D:5         Ossuary (visited)

Altars:
Fedhas
Okawaru
Wu Jian
Zin

Shops:
D:2 [

Annotations:
D:4 3 runed translucent doors, KEVIN's ghost, amateur MfBe


Innate Abilities, Weirdness & Mutations

You cannot be hasted, slowed, berserked, paralysed or teleported.
You can dig through walls and to a lower floor.
You have a pair of large antennae on your head. (SInv)
Your four strong arms can wield two-handed weapons with a shield.


Message History

The gnoll hits the gnoll bouda but does no damage.
The gnoll bouda hits the gnoll with a +0 whip!
Unknown command.
The gnoll bouda hits the gnoll with a +0 whip.
The gnoll dies!
Okawaru accepts your kill.
Unknown command.
You feel like a meek peon again. You block the gnoll bouda's attack.
You block the gnoll bouda's attack.
The gnoll bouda hits you with a +0 whip!
The gnoll bouda attacks as it pursues you!
The gnoll bouda hits you with a +0 whip!
You barely miss the gnoll bouda.
The gnoll bouda is severely wounded.
The gnoll bouda hits you with a +0 whip!
The gnoll bouda closely misses you.
Unknown command.
You closely miss the gnoll bouda.
The gnoll bouda is severely wounded.
The gnoll bouda hits you with a +0 whip!
* * * LOW HITPOINT WARNING * * *
Unknown command.
You hit the gnoll bouda.
The gnoll bouda is almost dead.
You block the gnoll bouda's attack.
The gnoll bouda hits you with a +0 whip!
* * * LOW HITPOINT WARNING * * *
Unknown command.
Aiming: Polymorph
Press: ? - help, Shift-Dir - straight line, f/p - gnoll bouda
Aim: a gnoll bouda, wielding a +0 whip and wearing a +1 leather armour of fire resistance (almost dead, fast, strong, frenzied and wild, will become a swamp drake, a jelly, or a bat, chance to affect: 49%)
Okay, then.
Unknown command.
You hit the gnoll bouda but do no damage.
The gnoll bouda is almost dead.
The gnoll bouda hits you with a +0 whip.
* * * LOW HITPOINT WARNING * * *
The gnoll bouda hits you with a +0 whip!
You die...

............................+Y..#
###.####.........#..........+Z..#
#.## #######...#########..+Z..#
###..# #...# #..#...# ....#######
##(..## #..#.... ..###
#8.?.8#8...8# #..##... ..##
#?....#(....###### #...###. ...#
#..[..).._..##...# #.#...## ...#
#!....#)).@.##...# #....... #..#
#8.!o8#8(.g8##...# #######. #..#
##### ##...###...# ## ...# #...#
#...### ).############...#
##....# ..#.......##.....#
#....######## ...#<..)..##....##
#............ #..#####.....####
##...######## .#........##...#
#...# ####..


You could see a neutral gnoll bouda (fast, strong, frenzied).

Vanquished Creatures
  Grinder (D:5)
  Eustachio (D:5)
  A water moccasin (D:5)
  Duvessa (D:5)
  2 black bears
  2 ogres
  6 scorpions (Ossuary)
  A centaur zombie (Ossuary)
  A hound (D:5)
  A bombardier beetle (D:5)
  2 human zombies (Ossuary)
  2 iguanas (D:5)
  5 scorpion zombies (Ossuary)
  3 mummies (Ossuary)
  Robin (D:2)
  3 adders
  An adder zombie (Ossuary)
  2 dart slugs (D:1)
  A ribbon worm (D:3)
  11 orcs
  6 bats
  3 endoplasms
  4 giant cockroaches
  2 gnoll zombies (Ossuary)
  13 goblins
  18 hobgoblins
  4 ball pythons
  2 ball python zombies (Ossuary)
  4 frilled lizards
  2 jackal zombies (Ossuary)
  8 kobolds
  An orc zombie (Ossuary)
  7 rats
122 creatures vanquished.

Vanquished Creatures (collateral kills)
  4 gnolls (D:4)
  An orc (D:4)
5 creatures vanquished.

Grand Total: 127 creatures vanquished

Notes
Turn   | Place    | Note
-------+----------+-------------------------------------------
     0 | D:1      | hikkokomori the Formicid Fighter began the quest for the
                  | Orb.
     0 | D:1      | Reached XP level 1. HP: 18/18 MP: 1/1
    50 | D:1      | Found a faded altar of an unknown god.
   199 | D:1      | Reached XP level 2. HP: 24/24 MP: 2/2
   527 | D:1      | Reached XP level 3. HP: 29/29 MP: 4/4
   577 | D:2      | Reached skill level 1 in Spellcasting
   973 | D:2      | Found Oghimug's Armour Boutique.
  1028 | D:2      | Noticed Robin
  1062 | D:2      | Killed Robin
  1063 | D:2      | Reached XP level 4. HP: 19/37 MP: 2/6
  1425 | D:3      | Reached skill level 4 in Fighting
  1476 | D:3      | Reached skill level 5 in Shields
  1476 | D:3      | Reached XP level 5. HP: 42/42 MP: 7/7
  1504 | D:3      | Found a glowing silver altar of Zin.
  1836 | D:4      | Found an iron altar of Okawaru.
  1838 | D:4      | Found a runed translucent door.
  1839 | D:4      | Noticed an ogre
  1842 | D:4      | Found the +0 toga "Victory" {*Victory Clar}
  1844 | D:4      | Noticed a black bear
  1846 | D:4      | Became a worshipper of Warmaster Okawaru
  1855 | D:4      | Killed a black bear
  1856 | D:4      | Reached XP level 6. HP: 23/49 MP: 3/9
  1951 | D:4      | Found an ornate altar of the Wu Jian Council.
  2028 | D:4      | Learned a level 3 spell: Fugue of the Fallen
  2047 | D:4      | Found a runed translucent gate.
  2047 | D:4      | Found a runed translucent gate.
  2047 | D:4      | Found a runed translucent gate.
  2076 | D:4      | Noticed an ice beast
  2077 | D:4      | Noticed KEVIN's ghost (amateur MfBe)
  2716 | D:4      | Found a blossoming altar of Fedhas.
  2810 | D:4      | Noticed an ice beast
  2910 | D:5      | Entered Level 5 of the Dungeon
  2936 | D:5      | Found a sand-covered staircase.
  2941 | Ossuary  | Entered an ossuary
  2961 | Ossuary  | Reached skill level 1 in Invocations
  3003 | Ossuary  | Reached skill level 1 in Necromancy
  3056 | Ossuary  | Reached * piety under Okawaru
  3057 | Ossuary  | Reached skill level 5 in Fighting
  3057 | Ossuary  | Reached XP level 7. HP: 28/56 MP: 7/10
  3441 | Ossuary  | Reached XP level 8. HP: 35/63 MP: 11/11
  3623 | D:5      | Found a staircase to the Ecumenical Temple.
  3732 | D:5      | Noticed Eustachio
  3740 | D:5      | Killed Eustachio
  3741 | D:5      | Reached skill level 6 in Fighting
  3741 | D:5      | Reached skill level 5 in Axes
  3791 | D:5      | Reached ** piety under Okawaru
  3973 | D:5      | Noticed Duvessa
  3975 | D:5      | Noticed Dowan
  3982 | D:5      | Killed Duvessa
  4008 | D:5      | Dowan changed into Dowan the hound
  4008 | D:5      | Noticed Dowan
  4015 | D:5      | Killed Dowan the hound
  4104 | D:5      | Noticed Grinder
  4114 | D:5      | Killed Grinder
  4115 | D:5      | Reached skill level 7 in Fighting
  4115 | D:5      | Reached skill level 1 in Throwing
  4115 | D:5      | Reached XP level 9. HP: 55/72 MP: 12/12
  4635 | D:4      | Reached skill level 1 in Polearms
  4647 | D:4      | HP: 2/73 [gnoll bouda/+0 whip (4)]
  4647 | D:4      | Mangled by a gnoll bouda

Illustrated notes

Levels and vault maps discovered:
D:1:      matt_arrival_los_fun, layout_rooms, ebering_ecumenical_altar_hall
D:2:      layout_basic, serial_shops, nicolae_shop_tiny_waterfront, uniq_robin
D:3:      layout_rooms, zin_treasury, minmay_surrounded
D:4:      layout_basic, lemuel_tele_altar, nicolae_wu_jian_wuxing_cycle,
          nicolae_overflow_guarded_unrand_okawaru_victory, gammafunk_ghost_icy
D:5:      layout_loops_cross, minmay_temple_entry_large_hall, enter_ossuary_2,
          kennysheep_cluttered_room, uniq_eustachio, uniq_duvessa, uniq_grinder

Skill      XL: |  1  2  3  4  5  6  7  8  9 |
---------------+----------------------------+-----
Spellcasting   | 1 2 |  2.4
Fighting       | 4 5 7 |  7.6
Shields        | 5 |  5.5
Axes           | 3 4 6 |  6.3
Invocations    | 1 3 4 |  4.1
Necromancy     | 1 2 3 |  3.4
Throwing       | 1 2 |  2.5
Polearms       | 1 |  1.1
Armour         | |  3.3

Action                     |  1- 3 |  4- 6 |  7- 9 || total
---------------------------+-------+-------+-------++-------
  Melee: War axe           |    86 |   158 |   171 ||   415
         Demon trident     |       |       |     7 ||     7
  Throw: Dart              |       |       |     3 ||     3
 Invoke: Heroism           |       |       |     4 ||     4
Ability: Dig               |     1 |       |       ||     1
  Evoke: Wand              |       |       |     1 ||     1
    Use: Scroll            |       |     5 |       ||     5
         Potion            |       |     1 |     2 ||     3
 Armour: Scale mail        |    48 |   129 |    74 ||   251
         Leather armour    |       |       |    46 ||    46
  Dodge: Dodged            |    32 |    82 |    63 ||   177
  Block: Buckler           |    21 |    45 |    60 ||   126
